 Dungeon Crawl Stone Soup version 0.26-a0-854-gdc81c2f471 (webtiles) character file.

Game seed: 3031815465341913332

45988 Froggeryz the Ripper (level 14, -10/105 HPs)
             Began as a Felid Berserker on Nov 23, 2020.
             Was the Champion of Trog.
             Mangled by a mana viper (23 damage)
             ... on level 2 of the Lair of Beasts.
             The game lasted 00:53:52 (31550 turns).

Froggeryz the Ripper (Felid Berserker)             Turns: 31550, Time: 00:53:52

Health: -10/105    AC:  3    Str: 19    XL:     14   Next: 3%
Magic:  0/15       EV: 35    Int: 11    God:    Trog [******]
Gold:   720        SH:  0    Dex: 23    Spells: 13/13 levels left
                                        Lives:  0   Deaths: 2

rFire    + . .     SeeInvis +     - Unarmed
rCold    + + .     Faith    .   (shield unavailable)
rNeg     + . .     Spirit   .   (armour unavailable)
rPois    +         Reflect  .   (helmet unavailable)
rElec    +         Harm     .   (cloak unavailable)
rCorr    .         Rampage  .   (gloves unavailable)
MR       ++...                  (boots unavailable)
Stlth    ..........             D - amulet of regeneration
HPRegen  0.67/turn              y - ring of the Gloaming {rElec Str+3 Dex+6}
MPRegen  0.14/turn              C - ring "Ziuliucy" {rPois rF+ rC+ rN+}

@: berserking, very quick
A: very small, no armour, no weapons or thrown items, stealth, claws 1, fangs 3,
see invisible, clever 1, speed 1, screaming 1, shaggy fur 3, sharp paws
a: Berserk, Trog's Hand, Brothers in Arms, Renounce Religion


You were on level 2 of the Lair of Beasts.
You worshipped Trog.
Trog was exalted by your worship.
You visited 4 branches of the dungeon, and saw 24 of its levels.
You visited the Abyss 1 time.

You collected 2678 gold pieces.
You spent 1958 gold pieces at shops.

Inventory:

Jewellery
 x - an uncursed ring of stealth
 y - the ring of the Gloaming (left paw) {rElec Str+3 Dex+6}
   (You bought it in a shop on level 6 of the Dungeon)

   [ring of dexterity]

   It affects your strength (+3).
   It affects your dexterity (+6).
   It insulates you from electricity.
 B - an uncursed ring of protection from magic
 C - the ring "Ziuliucy" (right paw) {rPois rF+ rC+ rN+}
   (You bought it in a shop on level 6 of the Dungeon)

   [ring of positive energy]

   It protects you from fire.
   It protects you from cold.
   It protects you from poison.
   It protects you from negative energy.
 D - an amulet of regeneration (around neck)
 I - an uncursed ring of protection from fire
Wands
 m - a wand of iceblast (17)
 r - a wand of flame (32)
 s - a wand of acid (13)
 u - a wand of polymorph (8)
 v - a wand of paralysis (16)
 w - a wand of random effects (15)
 J - a wand of disintegration (15)
Scrolls
 a - a scroll of noise
 b - 3 scrolls of fog
 c - 4 scrolls of immolation
 i - 12 scrolls of remove curse
 j - 12 scrolls of teleportation
 k - 5 scrolls of magic mapping
 t - 6 scrolls of identify
 z - 3 scrolls of summoning
 K - a scroll of silence
Potions
 e - 2 potions of curing
 f - 3 potions of heal wounds
 g - a potion of haste
 l - 3 potions of invisibility
 n - a potion of flight
 o - 6 potions of cancellation
 p - 4 potions of attraction
 q - a potion of berserk rage
 G - 4 potions of lignification
Miscellaneous
 h - a box of beasts
 E - a tin of tremorstones (2/2)
 F - a lightning rod (4/4)
 H - a condenser vane


   Skills:
 + Level 13.3 Fighting
 + Level 16.8 Dodging
 + Level 10.4 Stealth
 * Level 17.9 Unarmed Combat
 - Level 6.2 Evocations


You had 13 spell levels left.
You didn't know any spells.
Your spell library was empty.

Dungeon Overview and Level Annotations

Branches:
Dungeon (15/15)            Temple (0/1) D:5            Lair (6/6) D:11
 Shoals (0/4) Lair:4        Snake (1/4) Lair:2        Slime (0/5) Lair:6
    Orc (2/2) D:11            Elf (0/3) Orc:2        Vaults (0/5) D:14
 Depths: D:15

Altars:
Dithmenos
Elyvilon
Fedhas
Gozag
Nemelex Xobeh
Okawaru
Ru
Sif Muna
Vehumet
The Shining One
Beogh
Jiyva

Shops:
D:6 =   D:8 (*   D:9 =   D:14 !   Orc:2 (((*   Snake:1 (}


Innate Abilities, Weirdness & Mutations

You cannot wear armour.
You are incapable of wielding weapons or throwing items.
Your paws allow you to move quietly. (Stealth)
You have sharp claws.
You have razor-sharp teeth.
You have supernaturally acute eyesight. (SInv)
You cover ground quickly.
Your thick and shaggy fur keeps you warm. (AC +3, rC+)
Your sharp claws are effective at attacking unaware monsters.
Your mind is acute. (Int +2)
You occasionally shout uncontrollably at your foes.


Message History

The mana viper bites you!
* * * LOW HITPOINT WARNING * * *
You feel your power leaking away.
You miss the mana viper.
The mana viper is almost dead.
The mana viper barely misses you. The mana viper misses you.
The mana viper misses you. The mana viper barely misses you.
You climb upwards.
Welcome back to the Lair of Beasts!
There is a staircase to the Snake Pit, spattered with blood here.
A red film seems to cover your vision as you go berserk!
You feel yourself moving faster!
You feel mighty! The mana viper completely misses you.
The mana viper bites you!!
* * * LOW HITPOINT WARNING * * *
The mana viper completely misses you. x2
You mangle the mana viper!!
You kill the mana viper!
Trog accepts your kill.
You scratch the mana viper but do no damage.
The mana viper bites you!!
You die...

####.....##
#.#.......####
##.........#.#
##............#
###.............###
#.................####
#.....#..............#
.....#...........S..##
....P##.....###.@...####
....###.....###....(.#.#
....##.......####......#
.#.####.....## #P.....##
.### #.[...# ###.....##
## #.....# ##.....### #
##.....# ##....†.# #
#......## #......##
###.......## ##......###


You could see a mana viper.

Vanquished Creatures
  A stone giant (Orc:1)
  A fire dragon (Lair:6)
  Josephine (Lair:4)
  A vault guard (D:14)
  9 hydras
  A centaur warrior (D:14)
  6 two-headed ogres
  4 death yaks
  2 tengu warriors (D:14)
  Urug (Lair:1)
  An orc high priest (Orc:2)
  A shock serpent (Lair:2)
  A shadow wraith (D:14)
  A wretched star (Abyss:2)
  A spatial maelstrom (Abyss:2)
  2 unseen horrors
  An iron troll (D:14)
  A wizard (D:14)
  A lindwurm (Lair:6)
  Pikel (D:6)
  8 ugly things
  A mana viper (Lair:2)
  4 orc sorcerers (Orc:2)
  2 deep elf magi
  4 oklob plants
  2 manticores
  A cyclops (D:14)
  A worldbinder (Abyss:2)
  15 elephants
  Joseph (Lair:1)
  A smoke demon (Abyss:2)
  Psyche (D:12)
  Maurice (D:10)
  11 cane toads
  7 black mambas
  An ice statue (Lair:3)
  2 torpor snails
  3 molten gargoyles (Lair:6)
  2 kobold demonologists (D:14)
  3 rime drakes
  17 komodo dragons
  A freezing wraith (Lair:3)
  5 polar bears
  7 trolls
  Grinder (D:2)
  25 blink frogs
  A raiju (Abyss:2)
  A snapping turtle (Lair:4)
  10 dream sheep
  6 slime creatures (D:13)
  3 starcursed masses (Abyss:2)
  Sigmund (D:6)
  A flying skull (Abyss:2)
  6 wraiths
  A shadow (D:14)
  3 ynoxinuls (Abyss:2)
  36 yaks
  8 wyverns
  A large abomination (Abyss:2)
  3 basilisks
  3 steam dragons
  A chaos spawn (Abyss:2)
  A neqoxec (Abyss:2)
  3 wargs
  2 vampire mosquitoes (D:13)
  Menkaure (D:5)
  Duvessa (D:7)
  An acid dragon (D:14)
  4 hell hounds (Lair:6)
  13 water moccasins
  10 ice beasts
  25 orc warriors
  2 phantoms
  2 sky beasts
  A black bear (Lair:4)
  27 wolves
  13 centaurs
  13 ogres
  2 lemures (D:6)
  Blork the orc (D:6)
  6 big kobolds
  A wyvern zombie (D:12)
  15 bullfrogs
  Dowan (D:7)
  A water moccasin zombie (D:8)
  A scorpion (D:8)
  A wyvern skeleton (D:11)
  12 wights
  3 electric eels
  5 howler monkeys
  3 vampire bats (Orc:2)
  A bullfrog zombie (D:11)
  3 lava snakes (Lair:6)
  A jelly (D:6)
  2 centaur zombies
  4 hounds
  26 orc priests
  2 quasits (Abyss:2)
  3 centaur skeletons
  3 bullfrog skeletons
  Ijyb (D:5)
  3 iguanas
  40 orc wizards
  4 hell rats (Lair:5)
  7 worker ants
  2 small abominations (Abyss:2)
  A centaur simulacrum (D:9)
  A killer bee simulacrum (D:9)
  10 gnolls
  17 adders
  3 river rats (Lair:5)
  10 white imps
  2 ufetubi
  An adder skeleton (D:6)
  An adder zombie (D:9)
  3 worms
  A dart slug (D:1)
  3 leopard geckos
  81 orcs
  2 giant cockroaches
  8 goblins
  8 hobgoblins
  3 jackals (D:6)
  5 quokkas
  11 bats
  5 frilled lizards
  23 kobolds
  19 rats
741 creatures vanquished.

Vanquished Creatures (others)
  2 large abominations (Abyss:2)
  A small abomination (Abyss:2)
  A hell hound (Lair:6)
  48 fungi
  61 plants
113 creatures vanquished.

Grand Total: 854 creatures vanquished

Notes
Turn   | Place    | Note
-------+----------+-------------------------------------------
     0 | D:1      | Froggeryz the Felid Berserker began the quest for the Orb.
     0 | D:1      | Reached XP level 1. HP: 10/10 MP: 2/2
   433 | D:1      | Reached XP level 2. HP: 14/14 MP: 3/3
  1236 | D:1      | Reached ** piety under Trog
  1395 | D:1      | Reached XP level 3. HP: 17/17 MP: 4/4
  1470 | D:2      | Reached skill level 4 in Unarmed Combat
  2098 | D:2      | Reached XP level 4. HP: 21/21 MP: 5/5
  2169 | D:2      | Reached skill level 5 in Dodging
  2451 | D:3      | Noticed Grinder
  2463 | D:2      | Reached XP level 5. HP: 24/24 MP: 6/6
  2468 | D:2      | Killed Grinder
  2469 | D:2      | Reached skill level 5 in Unarmed Combat
  2469 | D:2      | Gained mutation: You are covered in thick fur. (AC +2)
                  | [Felid growth]
  2469 | D:2      | Reached XP level 6. HP: 28/28 MP: 7/7
  2542 | D:3      | Reached skill level 6 in Unarmed Combat
  2893 | D:3      | Reached XP level 7. HP: 16/33 MP: 8/8
  3551 | D:3      | Reached *** piety under Trog
  4550 | D:5      | Entered Level 5 of the Dungeon
  4555 | D:5      | Found a staircase to the Ecumenical Temple.
  4621 | D:5      | Reached skill level 7 in Unarmed Combat
  4770 | D:5      | Noticed Ijyb
  4784 | D:5      | Killed Ijyb
  4824 | D:5      | Reached skill level 5 in Fighting
  5127 | D:5      | Reached XP level 8. HP: 37/37 MP: 9/9
  5227 | D:5      | Found a sparkling altar of Nemelex Xobeh.
  5229 | D:5      | Noticed Menkaure
  5233 | D:5      | Killed Menkaure
  5393 | D:5      | Reached **** piety under Trog
  5671 | D:6      | Reached skill level 8 in Unarmed Combat
  5744 | D:6      | Noticed Blork the orc
  5753 | D:6      | Killed Blork the orc
  5755 | D:6      | Found a sacrificial altar of Ru.
  5762 | D:6      | Found a shimmering blue altar of Sif Muna.
  5976 | D:6      | Found Iffonlao's Jewellery Shoppe.
  6083 | D:6      | Noticed Pikel
  6084 | D:6      | Noticed Sigmund
  6315 | D:6      | Killed Sigmund
  6350 | D:6      | Reached skill level 9 in Unarmed Combat
  6528 | D:6      | Found an iron altar of Okawaru.
  6528 | D:6      | Found a blossoming altar of Fedhas.
  6738 | D:6      | Killed Pikel
  6739 | D:6      | Reached XP level 9. HP: 42/42 MP: 10/10
  7197 | D:7      | Noticed Duvessa
  7199 | D:7      | Noticed Dowan
  7215 | D:7      | Killed Duvessa
  7216 | D:7      | Killed Dowan
  7351 | D:7      | Reached skill level 10 in Unarmed Combat
  7402 | D:7      | Found a radiant altar of Vehumet.
  8046 | D:8      | Found Suumo's Antique Weapon Shop.
  8441 | D:8      | Found Kanawim's Assorted Antiques.
  8565 | D:8      | Reached skill level 10 in Dodging
  8724 | D:8      | Reached ***** piety under Trog
  8945 | D:8      | Found a white marble altar of Elyvilon.
  9199 | D:9      | Reached XP level 10. HP: 47/47 MP: 11/11
  9215 | D:9      | Noticed a two-headed ogre
  9327 | D:9      | Noticed a two-headed ogre
  9338 | D:9      | Killed a two-headed ogre
  9339 | D:9      | Reached skill level 11 in Unarmed Combat
  9398 | D:9      | Found Mofesy's Jewellery Shoppe.
  9545 | D:9      | Noticed a two-headed ogre
  9568 | D:9      | Killed a two-headed ogre
 10241 | D:9      | Killed a two-headed ogre
 10529 | D:9      | Found a shimmering blue altar of Sif Muna.
 10620 | D:9      | Noticed a death yak
 10632 | D:9      | Killed a death yak
 10633 | D:9      | Reached skill level 12 in Unarmed Combat
 10880 | D:10     | Entered Level 10 of the Dungeon
 10885 | D:10     | Noticed an unseen horror
 10888 | D:10     | Killed an unseen horror
 10889 | D:10     | Reached XP level 11. HP: 53/53 MP: 12/12
 10920 | D:10     | Noticed Maurice
 11084 | D:10     | Killed Maurice
 12105 | D:11     | Found a staircase to the Orcish Mines.
 12163 | D:11     | Noticed a two-headed ogre
 12174 | D:11     | Killed a two-headed ogre
 12175 | D:11     | Reached skill level 13 in Unarmed Combat
 12177 | D:11     | Found an opulent altar of Gozag.
 12548 | D:11     | Noticed an oklob plant
 12749 | D:11     | Found a staircase to the Lair.
 12750 | D:11     | Noticed an oklob plant
 12753 | D:11     | Killed an oklob plant
 12762 | D:11     | Killed an oklob plant
 12860 | D:11     | Reached ****** piety under Trog
 13217 | D:6      | Bought the ring "Ziuliucy" {rPois rF+ rC+ rN+} for 678 gold
                  | pieces
 13326 | D:12     | Noticed a deep elf mage
 13527 | Lair:1   | Entered Level 1 of the Lair of Beasts
 13556 | Lair:1   | Noticed Urug
 13572 | Lair:1   | Killed Urug
 13573 | Lair:1   | Reached skill level 10 in Fighting
 13970 | Lair:1   | Noticed Joseph
 13982 | Lair:1   | Killed Joseph
 14394 | Lair:2   | HP: 3/81 [polar bear (24)]
 14397 | Lair:2   | Gained mutation: Your thick and shaggy fur keeps you warm.
                  | (AC +3, rC+) [Felid growth]
 14397 | Lair:2   | Reached XP level 12. HP: 4/58 MP: 13/13
 14691 | Lair:1   | Reached skill level 1 in Evocations
 14800 | Lair:2   | Reached skill level 14 in Unarmed Combat
 14841 | Lair:2   | Noticed a seven-headed hydra
 14851 | Lair:2   | Killed a seven-headed hydra
 15191 | Lair:2   | Noticed a seven-headed hydra
 15199 | Lair:2   | Killed a seven-headed hydra
 15602 | Lair:2   | Found a staircase to the Snake Pit.
 16275 | Lair:3   | Noticed a five-headed hydra
 16283 | Lair:3   | Killed a five-headed hydra
 16748 | Lair:2   | Reached skill level 15 in Unarmed Combat
 16748 | Lair:2   | Reached skill level 5 in Evocations
 16895 | Lair:3   | Found a shadowy altar of Dithmenos.
 17111 | Lair:3   | Reached XP level 13. HP: 20/63 MP: 14/14
 17875 | Lair:4   | Noticed Josephine
 19025 | Lair:4   | Found a staircase to the Shoals.
 19170 | Lair:4   | Killed Josephine
 19171 | Lair:4   | Reached skill level 1 in Stealth
 20604 | Lair:5   | Reached skill level 15 in Dodging
 20606 | Lair:5   | Reached skill level 16 in Unarmed Combat
 21877 | Lair:6   | Entered Level 6 of the Lair of Beasts
 21897 | Lair:6   | Reached skill level 5 in Stealth
 21910 | Lair:6   | Reached XP level 14. HP: 57/69 MP: 15/15
 22158 | Lair:6   | Mangled by a blink frog
 22159 | Lair:6   | Reached XP level 13. HP: -7/96 MP: 14/14
 22547 | Lair:6   | Found a staircase to the Slime Pits.
 22547 | Lair:6   | Found a viscous altar of Jiyva.
 23280 | Lair:6   | Noticed a fire dragon
 23285 | Lair:6   | Found a large runed translucent door.
 23286 | Lair:6   | Found a large runed translucent door.
 23967 | Lair:6   | Killed a fire dragon
 24187 | Orc:1    | Entered Level 1 of the Orcish Mines
 24238 | Orc:1    | Reached skill level 17 in Unarmed Combat
 24291 | Orc:1    | Found a roughly hewn altar of Beogh.
 24477 | Orc:2    | Entered Level 2 of the Orcish Mines
 24805 | Orc:1    | Reached XP level 14. HP: 69/69 MP: 15/15
 24931 | Orc:1    | Noticed a stone giant
 24942 | Orc:1    | Killed a stone giant
 25030 | Orc:2    | Found Hugo Ibba's Antique Weapon Shoppe.
 25030 | Orc:2    | Found Jeasuxew's Weapon Shoppe.
 25039 | Orc:2    | Found Cakk's Weapon Emporium.
 25039 | Orc:2    | Found Miwnu's General Store.
 25056 | Orc:2    | Paralysed by an orc sorcerer for 6 turns
 25064 | Orc:2    | HP: 3/69 [orc priest/+0 club (4)]
 25066 | Orc:2    | Gained mutation: You occasionally shout uncontrollably at
                  | your foes. [potion of mutation]
 25066 | Orc:2    | Gained mutation: Your mind is acute. (Int +2) [potion of
                  | mutation]
 25352 | Orc:2    | Found a staircase to the Elven Halls.
 26069 | D:8      | Bought a bubbling purple potion for 18 gold pieces
 26115 | D:6      | Bought the ring of the Gloaming {rElec Str+3 Dex+6} for
                  | 1182 gold pieces
 26447 | D:12     | Noticed Psyche
 26453 | D:12     | Killed Psyche
 26860 | D:12     | Found a glowing golden altar of the Shining One.
 28901 | D:14     | Found a gate to the Vaults.
 29064 | D:14     | Found Yrghir's Distillery.
 29067 | D:14     | Bought a potion of heal wounds for 80 gold pieces
 29353 | D:14     | Cast into level 2 of the Abyss (a wizard)
 29355 | Abyss:2  | Found a corrupted altar of Lugonu.
 30236 | Abyss:2  | Noticed a starcursed mass
 30264 | Abyss:2  | Noticed a starcursed mass
 30269 | Abyss:2  | Noticed a starcursed mass
 30279 | Abyss:2  | Noticed a white very ugly thing
 30306 | Abyss:2  | Noticed a starcursed mass
 30329 | Abyss:2  | Reached skill level 10 in Stealth
 30445 | Abyss:2  | Noticed a starcursed mass
 30512 | Abyss:2  | HP: 3/70 [wretched star/lance of force (19)]
 30512 | Abyss:2  | Collided with a rock wall
 30513 | Abyss:2  | Reached XP level 13. HP: -8/66 MP: 14/14
 30668 | Abyss:2  | Noticed a starcursed mass
 30726 | D:14     | Escaped the Abyss
 31103 | D:15     | Entered Level 15 of the Dungeon
 31110 | D:15     | Noticed a fire dragon
 31118 | D:15     | HP: 2/66 [fire dragon/blast of flame (23)]
 31341 | Snake:1  | Entered Level 1 of the Snake Pit
 31342 | Snake:1  | Found Xyzit's Weapon Emporium.
 31346 | Snake:1  | Found Duc Citeo's Gadget Emporium.
 31425 | Lair:2   | HP: 1/66 [shock serpent (4)]
 31427 | Lair:2   | Reached XP level 14. HP: 1/70 MP: 15/15
 31550 | Lair:2   | Mangled by a mana viper

Illustrated notes

Levels and vault maps discovered:
D:1:      dpeg_arrival_orchard, layout_loops_corners, serial_bayou,
          serial_bayou_pond_e, serial_bayou_shore_b, serial_bayou_pond_d,
          serial_bayou_lagoon_a, minmay_crystal_room
D:2:      layout_basic, hangedman_decor_push
D:3:      layout_loops_ring, uniq_grinder
D:4:      layout_basic
D:5:      minmay_evil_eye, layout_loops_ring,
          minmay_temple_entry_statues_fountains, nemelex_diamond_rough_becter,
          uniq_ijyb, uniq_menkaure
D:6:      layout_basic, grunt_temple_overflow_open,
          gammafunk_temple_overflow_wave, serial_shops, nicolae_shop_crystal,
          uniq_blork_the_orc, uniq_pikel, uniq_sigmund
D:7:      layout_gridville, vehumet_crystals, minmay_misc_feat_more_columns,
          uniq_duvessa
D:8:      layout_loops_ring, nicolae_overflow_hidden_temple, serial_shops,
          nicolae_shop_behind_doors, shop
D:9:      kennysheep_orc_sif_temple, layout_layer_cave, serial_ice,
          serial_ice_a, serial_ice_c, serial_ice_e, serial_ice_m, serial_shops,
          shop_statue
D:10:     layout_basic, uniq_maurice
D:11:     layout_rooms, dpeg_oklobed_lair, orc_0_dummy, basic_altar,
          eino_curves_04
D:12:     layout_long_grid, basic_altar, uniq_psyche
D:13:     layout_loops_ring
D:14:     layout_stronghold, david_vaults_4, chequers_serial_rivers_small_3,
          serial_shops, nicolae_shop_behind_doors
D:15:     hangedman_depths_entry_try_elsewhere_first, layout_basic,
          portal_ice_cave_entry_pillars_1
Lair:1:   layout_hall_layers, columned_hall_lemuel, st_stairs_12,
          grunt_megastairs_2, uniq_urug, uniq_joseph
Lair:2:   layout_hall_layers, dummy_snake_entry, bh_autumn_forest_stairs,
          chequers_serial_rivers_small_3, grunt_megastairs_3
Lair:3:   layout_chaotic_city, basic_altar, ice2_lemuel, grunt_megastairs_1,
          minmay_lair_oklob_chamber
Lair:4:   layout_cave_pods, minmay_shoals_entry_hut, beast_lair_carwin_2,
          uniq_josephine
Lair:5:   layout_cave_pods, minivault_27, kennysheep_abandoned_house,
          grunt_megastairs_5, serial_bayou_shore_a, infiniplex_staircase_pool
Lair:6:   cheibrodos_lair_end_hotspot, layout_long_grid, slime_altar_1,
          serial_bayou_shore_b
Snake:1:  cheibrodos_snake_lava_hold, layout_rooms, serial_shops, shop, shop,
          shop, shop
Orc:1:    layout_caves, lemuel_statue_altar
Orc:2:    st_orc_mages, layout_caves, roderic_batcave

Skill      XL: |  1  2  3  4  5  6  7  8  9 10 11 12 13 14 |
---------------+-------------------------------------------+-----
Unarmed Combat | 4 5 6 7 9 10 12 13 15 17 | 17.9
Dodging        | 5 6 7 9 10 11 13 14 16 | 16.8
Fighting       | 4 5 6 7 9 10 11 12 13 | 13.3
Evocations     | 5 6 |  6.2
Stealth        | 8 10 | 10.4

Action                   |  1- 3 |  4- 6 |  7- 9 | 10-12 | 13-15 || total
-------------------------+-------+-------+-------+-------+-------++-------
Melee: Unarmed           |    97 |    81 |   410 |   524 |  1242 ||  2354
       Bite              |     8 |     6 |    50 |    78 |   168 ||   310
       Punch             |     2 |     2 |    24 |    42 |   123 ||   193
Invok: Trog's Hand       |     1 |     1 |       |       |    10 ||    12
       Berserk           |       |     3 |     7 |    18 |    19 ||    47
Evoke: Wand              |       |       |       |    12 |     6 ||    18
       Condenser vane    |       |       |       |       |     1 ||     1
  Use: Potion            |     3 |     1 |       |     1 |     8 ||    13
       Scroll            |       |       |     9 |       |    15 ||    24
 Stab: Sleeping          |     8 |     3 |    10 |     4 |    20 ||    45
       Invisible         |       |       |       |     4 |       ||     4
       Distracted        |       |       |       |     1 |     6 ||     7
       Paralysed         |       |       |       |       |     1 ||     1
Armor: Skin              |     4 |     1 |     9 |    11 |    43 ||    68
Dodge: Dodged            |    80 |    50 |   390 |   474 |  1063 ||  2057

Table legend: (Time is in decaauts)
 A = Elapsed time spent in this place.
 B = Non-inter-level travel time spent in this place.
 C = Inter-level travel time spent in this place.
 D = Time resting spent in this place.
 E = Time spent auto-exploring this place.
 F = Levels seen in this place.
 G = Mean time per level.
                   A        B        C        D        E       F      G
               +--------+--------+--------+--------+--------+-----+--------+
         Total |  28297 |  26965 |   1332 |  10276 |  11574 |  25 | 1131.9 |
       Dungeon |  15637 |  14823 |    814 |   5216 |   7211 |  15 | 1042.5 |
          Lair |  10026 |   9568 |    458 |   4110 |   3724 |   6 | 1671.0 |
     Snake Pit |     22 |     22 |      0 |      0 |      1 |   1 |   22.0 |
  Orcish Mines |   1349 |   1291 |     58 |    212 |    636 |   2 |  674.5 |
         Abyss |   1260 |   1260 |      0 |    738 |      0 |   1 | 1260.0 |
               +--------+--------+--------+--------+--------+-----+--------+

Top non-repeatable levels by time:
  Lair:5: 2143 daAuts
    D:14: 1861 daAuts
  Lair:4: 1814 daAuts
  Lair:1: 1739 daAuts
  Lair:3: 1593 daAuts
  Lair:6: 1529 daAuts
     D:1: 1487 daAuts
     D:9: 1447 daAuts
    D:10: 1305 daAuts
 Abyss:2: 1260 daAuts
  Lair:2: 1205 daAuts
     D:8: 1195 daAuts
     D:7: 1195 daAuts
     D:5: 1167 daAuts
    D:11: 1140 daAuts
